Map: King's Cove LE

Players

두팡

  • Race: Terran Terran
  • Spawn Location: 11:00

playezvibe - Winner!

  • Race: Protoss Protoss
  • League: Bronze
  • Spawn Location: 5:00

VOD

Have the link to the VOD?

Description

Time

  • Played on: July 4, 2019, 8:08 a.m.
  • Length: 28:40
Show
View Real Time Build Order
Export as new Build Order

두팡 Terran 

Build Orders:  

Get SALT Encoding   

  12  0:01  SCV  
  13  0:19  Supply Depot  
  13  0:20  SCV  
  14  0:32  SCV  
  15  0:44  SCV  
  15  0:46  Refinery  
  16  0:56  SCV  
  17  1:08  SCV  
  17  1:09  Barracks  
  17  1:10  Supply Depot  
  18  1:20  SCV  
  19  1:32  SCV  
  20  1:37  Supply Depot  
  20  1:44  SCV  
  21  1:51  Refinery  
  21  1:56  SCV  
  22  2:19  Command Center  
  22  2:20  Marine  
  22  2:22  SCV  
  24  2:34  SCV  
  25  2:38  Marine  
  26  2:45  Supply Depot  
  26  2:47  SCV  
  27  2:55  Marine  
  28  3:04  Engineering Bay  
  28  3:12  SCV  
  29  3:13  Supply Depot  
  29  3:14  Reaper  
  31  3:41  SCV  
  31  3:45  Bunker  
  31  3:46  Reaper  
  32  3:49  SCV  
  32  3:53  SCV  
  34  4:01  SCV  
  35  4:12  Factory  
  35  4:13  SCV  
  36  4:32  Terran Infantry Weapons Level 1  
  36  4:36  Barracks Reactor  
  36  4:50  SCV  
  38  4:55  Orbital Command  
  37  5:02  SCV  
  38  5:12  Refinery  
  38  5:13  Refinery  
  38  5:14  SCV  
  39  5:21  Barracks  
  39  5:25  Barracks  
  39  6:02  Command Center  
  39  6:07  Armory  
  39  6:16  SCV  
  40  6:28  SCV  
  41  6:38  Reaper x2  
  43  6:51  Barracks Tech Lab  
  43  6:55  Barracks Tech Lab  
  43  6:59  Factory Tech Lab  
  43  7:11  Ghost Academy  
  43  7:28  SCV  
  44  7:41  SCV  
  42  8:33  SCV  
  43  8:39  Siege Tank  
  46  8:44  Nuke  
  46  8:49  Terran Infantry Armor Level 1  
  46  8:52  Combat Shield  
  46  8:56  Stimpack  
  46  9:06  Terran Vehicle Weapons Level 1  
  46  9:11  Siege Tank  
  49  9:24  Barracks  
  49  9:27  Personal Cloaking  
  49  9:43  Siege Tank  
  52  10:00  Supply Depot  
  52  10:03  Supply Depot, SCV  
  53  10:15  SCV, Siege Tank  
  57  10:27  SCV  
  58  10:30  Refinery  
  58  10:32  Refinery  
  58  10:34  Barracks Reactor  
  58  10:48  Siege Tank  
  61  11:02  Concussive Shells  
  61  11:06  Terran Vehicle And Ship Armor Level 1  
  61  11:20  Siege Tank  
  64  11:26  Factory  
  64  11:36  Factory  
  64  11:40  Factory  
  64  11:42  Neosteel Armor  
  64  11:45  SCV  
  65  11:50  SCV  
  66  11:55  SCV  
  67  12:02  SCV  
  67  12:07  SCV  
  69  12:14  SCV  
  70  12:19  SCV  
  71  12:26  SCV  
  71  12:28  Orbital Command  
  72  12:38  SCV  
  73  12:51  Factory  
  73  12:54  Factory  
  73  12:56  Factory Tech Lab  
  73  12:57  Factory Tech Lab  
  73  12:59  Factory Tech Lab  
  73  13:05  Ghost  
  75  13:10  Ghost  
  77  13:26  Hi-Sec Auto Tracking  
  77  13:27  Ghost Academy  
  77  13:33  Ghost  
  79  13:34  Smart Servos  
  79  13:39  Ghost  
  81  14:02  Ghost  
  83  14:07  Ghost  
  83  14:08  Marine x4  
  89  14:22  Supply Depot  
  89  14:23  Supply Depot  
  89  14:25  Supply Depot, Marine x2  
  89  14:26  Marine x2  
  89  14:29  SCV  
  89  14:30  Ghost  
  96  14:36  Ghost  
  98  14:42  SCV  
  98  14:43  Marine x2  
  98  14:44  Marine x2  
  103  14:54  SCV  
  103  14:59  Ghost  
  106  15:01  Marine x2  
  106  15:02  Marine x2  
  106  15:04  Ghost  
  112  15:13  Planetary Fortress  
  112  15:21  Drilling Claws  
  112  15:23  Mag-Field Accelerator  
  112  15:26  Factory Tech Lab  
  112  15:27  Ghost  
  114  15:33  Ghost  
  116  15:41  Siege Tank  
  125  15:43  Factory Tech Lab  
  125  16:12  Supply Depot  
  125  16:13  Siege Tank  
  125  16:27  Nuke  
  125  16:33  Marine, Siege Tank, Ghost  
  125  16:34  Supply Depot  
  131  16:51  Ghost  
  133  16:56  Supply Depot, Siege Tank  
  139  17:01  Ghost  
  139  17:06  Supply Depot  
  141  17:09  Supply Depot  
  141  17:10  Supply Depot  
  141  17:12  Supply Depot  
  141  17:13  Supply Depot  
  141  17:19  Ghost  
  146  17:28  Siege Tank  
  149  17:30  Ghost  
  151  17:48  Ghost  
  153  17:58  Ghost  
  153  18:00  Siege Tank  
  157  18:16  Ghost  
  159  18:25  Siege Tank x2  
  159  18:27  Ghost  
  159  18:32  Siege Tank  
  162  18:45  Ghost  
  156  18:56  Ghost  
  152  19:05  Siege Tank x2  
  143  19:13  Ghost  
  115  19:24  Ghost  
  109  19:37  Siege Tank x2  
  110  19:40  Marine  
  110  19:41  Marine x3  
  110  19:42  Ghost  
  101  19:53  Ghost  
  101  19:58  Marine x2  
  101  19:59  Marine x2  
  102  20:02  Siege Tank  
  96  20:11  Marine  
  90  20:16  Marine x4  
  86  20:21  Marine  
  77  20:28  Marine  
  77  20:34  Marine x4  
  77  20:35  Siege Tank  
  77  20:39  Marine  
  70  20:46  Marine  
  65  20:52  Marine x4  
  53  20:57  Marine  
  47  21:04  Marine  
  47  21:07  Siege Tank  
  47  21:09  Marine  
  47  21:10  Marine x3  
  43  21:15  Marine  
  41  21:22  Marine  
  41  21:27  Marine x2  
  41  21:28  Marine x2  
  44  21:33  Marine  
  44  21:39  Siege Tank  
  48  21:40  Marine  
  48  21:45  Marine x3  
  48  21:46  Marine  
  53  21:50  Marine  
  54  21:58  Marine  
  55  22:02  Ghost Academy  
  55  22:03  Marine x4  
  59  22:08  Marine  
  59  22:09  Ghost Academy  
  63  22:15  Marine  
  64  22:26  Marine  
  64  22:28  Ghost Academy  
  65  22:30  Ghost Academy  
  65  22:33  Ghost Academy, Marine  
  66  22:44  Ghost  
  68  22:56  Ghost Academy  
  68  23:12  Ghost  
  68  23:17  Nuke  
  68  23:18  Nuke  
  68  23:19  Nuke  
  70  23:41  Ghost  
  72  24:09  Ghost  
  74  24:26  Command Center  
  74  24:38  Ghost  
  75  25:46  Siege Tank  
  38  26:07  Marine  
  23  26:25  Marine  
Show
View Real Time Build Order
Export as new Build Order

playezvibe Protoss - Winner!

Build Orders: Zealot Archon 

Get SALT Encoding   

  12  0:12  Pylon  
  12  0:36  Gateway  
  12  0:40  Assimilator  
  12  0:43  Probe  
  13  0:52  Probe  
  14  1:00  Probe  
  14  1:10  Probe  
  16  1:22  Probe  
  17  1:27  Cybernetics Core  
  17  1:31  Pylon  
  17  1:37  Probe  
  17  1:45  Probe  
  19  1:54  Probe  
  19  2:00  Gateway  
  20  2:05  Warp Gate  
  20  2:07  Probe  
  21  2:12  Stalker  
  21  2:13  Assimilator  
  21  2:19  Probe  
  21  2:22  Pylon  
  24  2:39  Forge  
  24  2:42  Probe  
  25  2:52  Stalker  
  25  2:54  Stalker  
  29  3:20  Nexus  
  29  3:24  Probe  
  30  3:36  Probe  
  31  3:43  Gateway  
  31  3:48  Probe  
  32  4:00  Probe  
  33  4:07  Twilight Council  
  33  4:13  Probe  
  33  4:15  Pylon  
  34  4:25  Probe  
  34  4:30  Pylon  
  35  4:34  Assimilator  
  35  4:35  Protoss Ground Weapons Level 1  
  35  4:37  Assimilator  
  35  4:46  Charge  
  35  4:54  Stalker x2  
  35  4:55  Stalker  
  35  4:59  Probe  
  42  5:07  Probe x2  
  44  5:15  Probe  
  45  5:23  Templar Archives  
  45  5:24  Probe  
  46  5:36  Probe  
  46  5:37  Shield Battery  
  46  5:42  Pylon  
  47  5:49  Pylon  
  47  5:52  Probe  
  48  6:00  Probe x2  
  49  6:09  Probe x2  
  50  6:18  Probe  
  52  6:21  Robotics Facility  
  52  6:22  Probe  
  54  6:26  Robotics Facility  
  54  6:27  Protoss Air Weapons Level 1  
  54  6:30  Probe  
  54  6:32  Photon Cannon  
  55  6:34  Probe  
  56  6:42  Probe  
  57  7:03  Nexus  
  57  7:07  Pylon  
  57  7:08  Psionic Storm  
  57  7:16  High Templar  
  57  7:17  High Templar x2  
  57  7:21  Archon  
  63  7:25  Immortal  
  63  7:28  Immortal  
  71  7:33  Pylon  
  71  7:39  Pylon  
  71  7:44  Assimilator  
  71  7:46  Probe  
  71  7:50  Assimilator  
  72  7:55  Probe  
  72  8:03  Probe  
  74  8:14  Probe  
  75  8:26  Probe  
  76  8:38  Probe  
  77  8:55  Stargate  
  77  8:59  Stargate  
  77  9:03  Robotics Bay  
  77  9:08  Pylon  
  77  9:12  Pylon  
  77  9:14  Pylon  
  77  9:17  Pylon  
  77  9:21  Pylon  
  77  9:24  Pylon  
  77  9:28  Pylon  
  77  9:30  Pylon  
  77  9:35  High Templar  
  77  9:37  High Templar  
  81  9:38  High Templar  
  81  9:39  Pylon  
  81  9:44  Archon x2  
  83  9:46  Pylon  
  83  9:49  Void Ray  
  83  9:51  Pylon, Void Ray  
  91  9:56  Pylon  
  91  9:59  Pylon  
  91  10:11  Pylon  
  91  10:25  Probe, Shield Battery  
  91  10:27  Shield Battery  
  92  10:30  Shield Battery  
  92  10:32  Void Ray  
  92  10:34  Probe, Void Ray  
  100  10:41  Blink  
  100  10:42  Probe  
  102  10:54  Probe  
  103  11:00  Fleet Beacon  
  103  11:02  Extended Thermal Lance  
  103  11:06  Probe  
  103  11:07  Colossus  
  103  11:09  Colossus  
  116  11:17  High Templar, Void Ray  
  122  11:19  High Templar  
  122  11:22  High Templar  
  122  11:25  Archon  
  126  11:41  Forge  
  126  11:43  Cybernetics Core  
  126  11:44  Protoss Ground Armor Level 1  
  126  11:59  Protoss Air Armor Level 1  
  126  12:00  Void Ray  
  130  12:27  Tempest  
  135  12:42  Void Ray  
  139  12:53  Protoss Shields Level 1  
  139  13:05  Protoss Air Weapons Level 2  
  139  13:08  Tempest  
  144  13:22  Mothership  
  152  13:38  Tempest  
  157  13:42  Tempest  
  162  14:10  Tempest  
  162  14:15  Tempest  
  172  14:53  Tempest  
  172  14:58  Tempest  
  182  15:06  Protoss Shields Level 2  
  182  15:10  Protoss Ground Armor Level 2  
  182  15:13  Protoss Air Armor Level 2  
  182  15:36  Tempest  
  182  15:41  Tempest  
  192  15:54  Nexus  
  192  16:09  Assimilator, Tempest  
  192  16:12  Assimilator  
  192  16:16  Pylon  
  192  16:21  Pylon  
  197  16:56  Protoss Air Weapons Level 3  
  181  19:18  High Templar x3  
  142  20:24  Carrier  
  143  20:28  Tempest  
  121  21:11  Tempest  
  121  21:28  Carrier  
  122  21:43  Colossus  
  128  21:48  Immortal  
  128  21:54  Tempest  
  137  22:04  Gateway  
  137  22:08  Gateway  
  137  22:13  Gateway  
  137  22:20  Archon  
  137  22:23  Carrier  
  137  22:25  Gateway  
  137  22:27  Immortal, Tempest  
  141  22:30  Gateway  
  141  22:32  Gateway  
  147  22:37  Colossus  
  158  22:49  Protoss Ground Weapons Level 2  
  158  22:50  Mothership  
  158  22:55  Protoss Ground Armor Level 3  
  158  22:58  Protoss Air Armor Level 3  
  166  23:06  Immortal  
  166  23:09  Tempest  
  166  23:11  High Templar  
  177  23:17  Archon  
  177  23:27  Tempest  
  177  23:30  Colossus  
  188  23:38  Nexus  
  188  23:45  Immortal  
  192  23:52  Assimilator, Tempest  
  197  23:56  Assimilator  
  197  24:02  Pylon  
  197  24:06  Pylon  
  189  28:04  Observer  
  188  28:07  Observer  
Tags
 
Composition
Zealot Archon
League
Bronze
Matchup
PvT
Spawn Locations
Cross Positions
Add a new tag
Caveats
  • Supply blocks, unpowered buildings, or Contaminate may cause inaccurate times.
  • Supply counts are checked every 10 seconds.